 Dungeon Crawl Stone Soup version 0.30.1 (webtiles) character file.

Game seed: 14923131949777551367

14123 McKennaii the Destroyer (level 11, -1/74 HPs)
             Began as a Demigod Conjurer on July 10, 2023.
             Slain by a slime creature (4 damage)
             ... on level 12 of the Dungeon.
             The game lasted 00:18:51 (15970 turns).

McKennaii the Destroyer (Demigod Conjurer)         Turns: 15970, Time: 00:18:52

Health: -1/74      AC:  8    Str:  8    XL:     11   Next: 55%
Magic:  2/30       EV: 11    Int: 38    God:
Gold:   269        SH:  0    Dex: 18    Spells: 21/31 levels left

rFire   + + .        k - staff of fire
rCold   + . .        (no shield)
rNeg    . . .        I - +1 leather armour of Marug {rF+ rC+ Int+3}
rPois   +            (no helmet)
rElec   .            x - +2 cloak
rCorr   .            (no gloves)
SInv    .            H - +0 pair of boots of Tijes {Int+3}
Will    +....        m - amulet of regeneration
Stlth   ++           e - ring of poison resistance
HPRegen 1.12/turn    t - +6 ring of dexterity
MPRegen 0.22/turn

%: no passive effects
@: no status effects
A: high MP 1, forlorn, divine attributes
a: no special abilities


You were on level 12 of the Dungeon.
You visited 1 branch of the dungeon, and saw 12 of its levels.

You collected 656 gold pieces.
You spent 387 gold pieces at shops.

Inventory:

Armour
 x - a +2 cloak (worn)
 H - the +0 pair of boots of Tijes (worn) {Int+3}
   (You bought it in a shop on level 6 of the Dungeon)

   Int:       It affects your intelligence (+3).
 I - the +1 leather armour of Marug (worn) {rF+ rC+ Int+3}
   (You found it on level 10 of the Dungeon)

   Int:       It affects your intelligence (+3).
   rF:        It protects you from fire.
   rC:        It protects you from cold.
Magical Staves
 k - a staff of fire (weapon)
Jewellery
 e - a ring of poison resistance (left hand)
 m - an amulet of regeneration (around neck)
 t - a +6 ring of dexterity (right hand)
 C - a ring of see invisible
Wands
 y - a wand of polymorph (12)
 G - a wand of paralysis (4)
Scrolls
 c - 3 scrolls of immolation
 d - 10 scrolls of teleportation
 f - 3 scrolls of enchant armour
 h - a scroll of butterflies
 j - 3 scrolls of poison
 n - 2 scrolls of blinking
 o - 2 scrolls of magic mapping
 p - a scroll of silence {unknown}
 q - 5 scrolls of enchant weapon
 A - 2 scrolls of amnesia
 D - a scroll of vulnerability
 E - 2 scrolls of torment {unknown}
Potions
 a - 8 potions of curing
 b - a potion of magic
 g - 2 potions of haste {unknown}
 i - 3 potions of brilliance
 l - 3 potions of might {unknown}
 r - a potion of mutation {unknown}
 s - 3 potions of lignification {unknown}
 u - a potion of cancellation {unknown}
 v - 2 potions of degeneration {unknown}
 w - a potion of experience {unknown}
 z - 2 potions of heal wounds
 B - 3 potions of attraction {unknown}
 F - a potion of berserk rage {unknown}


   Skills:
 - Level 1.7 Dodging
 - Level 1.7 Stealth
 + Level 10.6 Spellcasting
 + Level 11.9 Conjurations
 + Level 7.7 Earth Magic


You had 21 spell levels left.
You knew the following spells:

 Your Spells              Type           Power      Damage    Failure   Level
a - Magic Dart            Conj           100%       1d8       1%          1
b - Searing Ray           Conj           100%       2d8       1%          2
c - Iskenderun's Mystic   Conj/Tloc      60%        2d13      2%          4
d - Stone Arrow           Conj/Erth      100%       3d13      1%          3

Your spell library contained the following spells:

 Spells                   Type           Power      Damage    Failure   Level
 Dazzling Flash           Conj/Hex       100%       N/A       1%          3
 Fulminant Prism          Conj/Hex       30%        3d15      2%          4
 Ensorcelled Hibernation  Hex/Ice        40%        N/A       4%          2
 Lesser Beckoning         Tloc           40%        N/A       4%          2
 Sublimation of Blood     Necr           20%        N/A       4%          2
 Wereblood                Tmut           20%        N/A       4%          2
 Animate Armour           Summ/Erth      98%        N/A       5%          4
 Gell's Gravitas          Tloc           20%        N/A       9%          3
 Spider Form              Tmut/Pois      20%        N/A       9%          3
 Teleport Other           Tloc           20%        N/A       9%          3
 Anguish                  Hex/Necr       10%        N/A       28%         4
 Lehudib's Crystal Spear  Conj/Erth      38%        10d9      97%         8
 Summon Hydra             Summ           10%        N/A       100%        7


Dungeon Overview and Level Annotations

Branches:
Dungeon (12/15)            Temple (0/1) D:5            Lair (0/5) D:10
    Orc (0/2) D:9

Shops:
D:6 !?*   D:11 [


Innate Abilities, Weirdness & Mutations

You have an increased reservoir of magic. (+10% MP)
You shall have no god before yourself.
Your divine heritage dramatically boosts your attributes as you level up.


Message History

You erupt in a blast of force!
The mystic blast hits something.
Reactivating autopickup.
You feel a bit more experienced.
Unknown command.
The stone arrow hits the slime creature!!
The slime creature is heavily wounded.
The stone arrow hits the slime creature!!
The slime creature is severely wounded.
The slime creature barely misses you.
You don't have enough magic to cast this spell.
The slime creature attacks as you move away!
The slime creature hits you but does no damage.
The slime creature attacks as you move away!
The slime creature hits you.
There is a stone staircase leading up here.
Casting: Stone Arrow (safe; 1% risk of failure)
Confirm with . or Enter, or press ? or * to list all spells.
You erupt in a blast of force!
The mystic blast hits the slime creature.
The slime creature is severely wounded.
The slime creature is knocked back by the mystic blast.
The mystic blast hits the slime creature!
The slime creature is almost dead.
The slime creature is knocked back by the mystic blast.
Unknown command.
There is a stone staircase leading up here.
You climb upwards.
There is a stone staircase leading down here.
You climb downwards.
The slime creature hits you! x3
There is a stone staircase leading up, spattered with blood here.
Unknown command.
The slime creature attacks as you move away!
The slime creature hits you! The slime creature hits you!!
* * * LOW HITPOINT WARNING * * *
The slime creature attacks as you move away!
The slime creature hits you!
* * * LOW HITPOINT WARNING * * *
The slime creature attacks as you move away!
The slime creature hits you.
You die...

..
#################...
.........J<.........
.........@J.........
.>.........<........
............#######.
............#
............#
............#######
...................
.(.................
...........).......


You could see 2 slime creatures.

Vanquished Creatures
  A great orb of eyes (D:10)
  The ghost of Graphine the Nimble, a novice MfGl of Sif Muna (D:10)
  A two-headed ogre (D:11)
  3 death yaks (D:10)
  A cyclops (D:11)
  A gargoyle (D:10)
  Maggie (D:9)
  2 unseen horrors
  2 shadows
  4 slime creatures
  2 wraiths (D:10)
  16 yaks
  A steam dragon (D:9)
  2 acid dragons
  2 water moccasins
  5 orc warriors
  3 sky beasts
  5 black bears
  4 ice beasts
  2 ogres (D:7)
  8 centaurs
  3 phantoms
  2 bullfrogs (D:7)
  4 scorpions
  4 wights (D:8)
  A troll zombie (D:9)
  3 killer bees (D:9)
  8 howler monkeys
  5 hounds
  6 jellies
  Crazy Yiuf (D:5)
  6 orc priests
  2 gnoll boudas
  A sleepcap (D:7)
  A hell rat (D:10)
  4 iguanas
  11 orc wizards
  7 ogre zombies (D:9)
  9 gnolls
  8 adders
  2 white imps
  3 ufetubi (D:5)
  4 dart slugs
  42 orcs
  3 bats
  8 endoplasms
  4 giant cockroaches
  6 goblins
  8 hobgoblins
  2 jackals (D:4)
  6 quokkas
  9 ball pythons
  A frilled lizard (D:2)
  A goblin skeleton (D:9)
  3 goblin zombies (D:9)
  6 hobgoblin zombies (D:9)
  5 kobolds
  3 orc skeletons (D:9)
  12 orc zombies (D:9)
  4 rats
285 creatures vanquished.

Notes
Turn   | Place    | Note
-------+----------+-------------------------------------------
     0 | D:1      | McKennaii the Demigod Conjurer began the quest for the Orb.
     0 | D:1      | Reached XP level 1. HP: 14/14 MP: 5/5
   462 | D:1      | Reached XP level 2. HP: 20/20 MP: 3/7
   504 | D:1      | Learned a level 2 spell: Searing Ray
  1068 | D:2      | Reached skill level 4 in Conjurations
  1719 | D:3      | Reached XP level 3. HP: 26/26 MP: 5/9
  1859 | D:3      | Identified the +2 robe "Ceyf" {Regen+}
  2500 | D:4      | Noticed a black bear
  2504 | D:4      | Reached XP level 4. HP: 33/33 MP: 5/11
  2730 | D:4      | Reached skill level 5 in Conjurations
  2730 | D:4      | Reached XP level 5. HP: 38/38 MP: 4/13
  3116 | D:4      | Killed a black bear
  3350 | D:4      | Reached XP level 6. HP: 45/45 MP: 8/15
  3582 | D:4      | Learned a level 4 spell: Iskenderun's Mystic Blast
  3694 | D:4      | Reached skill level 6 in Conjurations
  3786 | D:5      | Entered Level 5 of the Dungeon
  3808 | D:5      | Reached XP level 7. HP: 17/50 MP: 0/17
  3951 | D:5      | Reached skill level 5 in Spellcasting
  4381 | D:5      | Found a staircase to the Ecumenical Temple.
  4929 | D:5      | Found a runed translucent door.
  4930 | D:5      | Noticed Crazy Yiuf
  4938 | D:5      | Killed Crazy Yiuf
  4988 | D:6      | Found Pepofeavu's Distillery.
  4988 | D:6      | Found Heat Vewk's Magic Scroll Emporium.
  4988 | D:6      | Found Ywaruthri's Assorted Antiques.
  4992 | D:6      | Bought a potion of curing for 39 gold pieces
  4992 | D:6      | Bought a potion of heal wounds for 65 gold pieces
  5086 | D:6      | Reached skill level 7 in Conjurations
  5480 | D:6      | Bought a scroll of teleportation for 36 gold pieces
  5596 | D:6      | Reached XP level 8. HP: 57/57 MP: 17/20
  6413 | D:7      | Reached skill level 8 in Conjurations
  7696 | D:8      | Reached XP level 9. HP: 62/62 MP: 12/24
  7699 | D:8      | Reached skill level 9 in Conjurations
  7847 | D:8      | Learned a level 3 spell: Stone Arrow
  7969 | D:8      | Reached skill level 1 in Earth Magic
  8135 | D:8      | You fall into a shaft and drop 3 floors!
  8222 | D:11     | Found Piuv's Antique Armour Shop.
  8222 | D:11     | Noticed a cyclops
  8229 | D:11     | Killed a cyclops
  8685 | D:11     | Noticed a two-headed ogre
  8711 | D:11     | Killed a two-headed ogre
  8886 | D:11     | Noticed a boulder beetle
  8924 | D:10     | Entered Level 10 of the Dungeon
  9087 | D:10     | Noticed a gargoyle
  9307 | D:10     | Reached skill level 10 in Conjurations
  9397 | D:9      | Reached XP level 10. HP: 56/69 MP: 21/27
  9891 | D:9      | Noticed Maggie
 10038 | D:9      | Killed Maggie
 10231 | D:9      | Reached skill level 5 in Earth Magic
 10956 | D:8      | Identified the +5 long sword of Eternal War {drain, rC+
                  | Int+2 Dex+4}
 11721 | D:6      | Bought a pair of crude boots for 247 gold pieces
 11721 | D:6      | Identified the +0 pair of boots of Tijes {Int+3} (You
                  | bought it in a shop on level 6 of the Dungeon)
 12387 | D:9      | Found a staircase to the Orcish Mines.
 12677 | D:9      | Reached skill level 11 in Conjurations
 13130 | D:10     | Found a staircase to the Lair.
 13132 | D:10     | Noticed a death yak
 13152 | D:10     | Killed a death yak
 13153 | D:10     | Reached XP level 11. HP: 74/74 MP: 10/29
 13153 | D:10     | Noticed a death yak
 13264 | D:10     | Identified the +1 leather armour of Marug {rF+ rC+ Int+3}
 13486 | D:10     | Noticed a death yak
 13720 | D:10     | Killed a death yak
 13721 | D:10     | Reached skill level 10 in Spellcasting
 13778 | D:10     | Killed a death yak
 14193 | D:10     | Found a runed translucent gate.
 14193 | D:10     | Found a runed translucent gate.
 14193 | D:10     | Found a runed translucent gate.
 14195 | D:10     | Noticed a great orb of eyes
 14196 | D:10     | Noticed Graphine's ghost (novice MfGl)
 14380 | D:10     | Killed Graphine's ghost
 14540 | D:10     | Killed a great orb of eyes
 15970 | D:12     | HP: 3/74 [slime creature (9)]
 15970 | D:12     | Slain by a slime creature

Illustrated notes

Levels and vault maps discovered:
D:1:      amcnicky_arrival_double_pillar, layout_loops_ring
D:2:      layout_rooms, kennysheep_generic_room_7
D:3:      layout_rooms
D:4:      layout_rooms, lemuel_crystal_altar, marbit_many_paths,
          lemuel_crystal_altar, nicolae_hepliaklqana_hippocampus,
          nzn_random_ring
D:5:      layout_loops_ring, minmay_temple_entry_trees,
          hangedman_abyss_or_decor_lesser_grid, uniq_crazy_yiuf_cottage
D:6:      layout_basic, kennysheep_flooded_box, chequers_serial_rivers_small_a,
          nicolae_shop_distant_corner_stores
D:7:      layout_loops_corners, mainiacjoe_overflow_alcove_4,
          chequers_serial_rivers_room_a
D:8:      black_bear_nest_1, layout_cave_pods, grunt_temple_overflow_open
D:9:      layout_irregular_city, trog_butcher_becter, zombieorc2_lemuel,
          uniq_maggie
D:10:     layout_irregular_city, dpeg_lair_monsters, gammafunk_ghost_ooze
D:11:     layout_roguey, serial_shops, nicolae_shop_hallway_stairs
D:12:     layout_small_grid, uniq_nergalle, uniq_gastronok, uniq_lodul

Skill      XL: |  1  2  3  4  5  6  7  8  9 10 11 |
---------------+----------------------------------+-----
Spellcasting   | 2 3 4 6 7 8 9 10 | 10.6
Conjurations   | 4 5 6 7 8 10 11 | 11.9
Earth Magic    | 4 6 7 |  7.7
Dodging        | |  1.7
Stealth        | |  1.7

Action                     |  1- 3 |  4- 6 |  7- 9 | 10-12 || total
---------------------------+-------+-------+-------+-------++-------
  Melee: Staff             |    15 |    11 |     6 |    10 ||    42
         Punch             |       |     1 |       |       ||     1
   Cast: Magic Dart        |    88 |    57 |   135 |    53 ||   333
         Searing Ray       |       |    14 |    65 |    27 ||   106
         Iskenderun's Myst |       |       |     9 |    43 ||    52
         Stone Arrow       |       |       |       |   142 ||   142
  Evoke: Wand              |       |       |       |     1 ||     1
    Use: Scroll            |       |       |     6 |     4 ||    10
 Armour: Robe              |    12 |     9 |    23 |    15 ||    59
         Leather armour    |       |       |       |    12 ||    12
  Dodge: Dodged            |    17 |    24 |    54 |    52 ||   147
